 Dungeon Crawl Stone Soup version 0.31-a0-187-gba352fbbf7 (webtiles) character file.

Game seed: 7258347909588945981

101 qw the Shooter (level 4, -4/25 HPs)
             Began as a Deep Elf Hunter on June 22, 2023.
             Slain by an orc
             ... wielding a +0 falchion
              (5 damage)
             ... on level 3 of the Dungeon.
             The game lasted 00:00:34 (1550 turns).

qw the Shooter (Deep Elf Hunter)                    Turns: 1550, Time: 00:00:34

Health: -4/25      AC:  8    Str: 10    XL:     4   Next: 48%
Magic:  5/5        EV: 11    Int: 14    God:
Gold:   110        SH:  0    Dex: 18    Spells: 3/3 levels left

rFire   + . .        Y - +0 shortbow
rCold   . . .        (shield currently unavailable)
rNeg    . . .        d - +0 ring mail
rPois   .            (no helmet)
rElec   .            (no cloak)
rCorr   .            i - +1 pair of gloves
SInv    .            e - +0 pair of boots
Will    .....        (no amulet)
Stlth   +            (no ring)
HPRegen 0.24/turn    (no ring)
MPRegen 0.09/turn

%: clarity
@: no status effects
A: clarity, fire resistance 1, low MP 1
a: no special abilities


You were on level 3 of the Dungeon.
You visited 1 branch of the dungeon, and saw 3 of its levels.

You collected 110 gold pieces.


Innate Abilities, Weirdness & Mutations

You possess an exceptional clarity of mind.
Your flesh is heat resistant. (rF+)
Your magical capacity is low. (-10% MP)


   Skills:
 - Level 1.5 Fighting
 + Level 7.9 Ranged Weapons
 - Level 2.4 Dodging
 - Level 1.2 Stealth


You had 3 spell levels left.
You didn't know any spells.
Your spell library was empty.

Inventory:

Hand Weapons
 Y - a +0 shortbow (weapon)
Armour
 d - a +0 ring mail (worn)
 e - a +0 pair of boots (worn)
 i - a +1 pair of gloves (worn)
Scrolls
 c - a scroll of teleportation
Potions
 a - a potion of mutation
 b - a potion of enlightenment {unknown}

Dungeon Overview and Level Annotations

Branches:
Dungeon (3/15)

Altars:


Message History

The orc's wounds heal themselves!
An orc wizard comes into view. It is wielding a +0 dagger.
You shoot an arrow. The arrow hits the orc.
The orc is moderately wounded.
The orc barely misses you.
An orc comes into view.
It is wielding a +0 club and wearing a +2 chain mail of fire resistance.
The orc priest calls upon Beogh to heal the orc.
The orc's wounds heal themselves!
The orc priest calls upon Beogh to heal the orc priest.
The orc priest's wounds heal themselves!
You hear an angry hiss.
You shoot an arrow.
The arrow hits the orc but does no damage.
The orc barely misses you.
An orc comes into view. It is wielding a +0 dagger.
You shoot an arrow. The arrow hits the orc.
The orc is severely wounded.
The orc hits you but does no damage. The orc priest barely misses you.
The orc wizard mumbles some strange words.
The orc wizard flickers and vanishes!
Deactivating autopickup; reactivate with Ctrl-A.
You shoot an arrow. The arrow closely misses the orc.
The arrow hits the orc priest.
The orc priest is lightly wounded.
The orc closely misses you.
The orc priest hits you from afar with a +0 trident of protection.
The orc hits you but does no damage.
You shoot an arrow. The arrow hits the orc.
The orc is almost dead.
An adder comes into view.
The orc barely misses you.
An orc wizard comes into view. It is wielding a +1 dagger of venom.
The orc hits you but does no damage.
The orc priest casts a cantrip, but nothing happens.
The orc priest calls down the wrath of Beogh upon you.
Beogh smites you!
Ouch! That really hurt!
The orc priest calls upon Beogh to heal the orc.
The orc is healed somewhat.
The orc hits you with a +0 falchion.
You die...

..o...# ..... ..... . ..
.... ...S. . ... #...
o... # #.# #..# #.o# #
#.# #..# #oo####.. # #.#
#..# #oo...... # #%#
#..# #@# #####.####..#
#.# ............# #.#
#####.###...####.#######
........................
#####......#####.#######
........................
##########.#####.#######
### ###


You could see 2 orc priests, an orc wizard (wandering), an adder (wandering) and
4 orcs.

Vanquished Creatures
  4 gnolls (D:2)
  2 adders (D:2)
  2 dart slugs
  An orc (D:3)
  5 bats
  7 endoplasms
  2 giant cockroaches
  4 hobgoblins
  A quokka (D:1)
  4 ball pythons
  A frilled lizard (D:1)
  A goblin (D:1)
  3 kobolds
  7 rats
44 creatures vanquished.

Notes
Turn   | Place    | Note
-------+----------+-------------------------------------------
     0 | D:1      | qw the Deep Elf Hunter began the quest for the Orb.
     0 | D:1      | Reached XP level 1. HP: 12/12 MP: 3/3
     0 | D:1      | 0 ||| qw: Version: 0.3-a-9-g12657ce
     0 | D:1      | 0 ||| qw: Game counter: 2068
     0 | D:1      | 0 ||| qw: Always use a shield: true
     0 | D:1      | 0 ||| qw: God list: Okawaru
     0 | D:1      | 0 ||| qw: Allow faded altars: false
     0 | D:1      | 0 ||| qw: Do Orc after D:15 true
     0 | D:1      | 0 ||| qw: Do second Lair branch before Depths: true
     0 | D:1      | 0 ||| qw: Lair rune preference: random
     0 | D:1      | 0 ||| qw: Plans: Normal
     0 | D:1      | 0 ||| PLANNING D:1-11
    84 | D:1      | Reached skill level 6 in Ranged Weapons
    84 | D:1      | Reached XP level 2. HP: 16/16 MP: 4/4
   614 | D:1      | 614 ||| UPGRADING to +0 ring mail.
   624 | D:1      | 624 ||| DROPPING +0 leather armour.
   625 | D:1      | 625 ||| UPGRADING to +0 pair of gloves.
   630 | D:1      | 630 ||| READING 2 scrolls labelled HIOHOA SE WIE.
   631 | D:1      | 631 ||| READING scroll of enchant armour.
   631 | D:1      | 631 ||| ENCHANTING +0 pair of gloves.
   632 | D:1      | 632 ||| READING 2 scrolls labelled ZIJIXZOALU.
   633 | D:1      | 633 ||| READING scroll labelled CEWOPO IPPON.
   638 | D:1      | 638 ||| DRINKING 2 black potions.
   639 | D:1      | 639 ||| DROPPING scroll of butterflies.
   640 | D:1      | 640 ||| DROPPING scroll of amnesia.
   641 | D:1      | 641 ||| DROPPING potion of attraction.
   779 | D:2      | Reached XP level 3. HP: 19/20 MP: 5/5
   980 | D:2      | Reached skill level 7 in Ranged Weapons
   984 | D:2      | 984 ||| Stepping ~*~*~tactically~*~*~ (outnumbered).
   989 | D:2      | Reached XP level 4. HP: 16/25 MP: 6/6
  1414 | D:2      | 1414 ||| UPGRADING to +0 pair of boots.
  1419 | D:2      | 1419 ||| DRINKING 2 coppery potions.
  1419 | D:2      | Gained mutation: Your magical capacity is low. (-10% MP)
                  | [potion of mutation]
  1419 | D:2      | Gained mutation: Your flesh is heat resistant. (rF+)
                  | [potion of mutation]
  1419 | D:2      | Gained mutation: You possess an exceptional clarity of
                  | mind. [potion of mutation]
  1550 | D:3      | HP: 1/25 [orc priest/divine providence (13)]
  1550 | D:3      | Slain by an orc

Levels and vault maps discovered:
D:1:      tarquinn_simple_flora_water_f, layout_loops_ring, st_stairs_14,
          minmay_tromino_v4_b
D:2:      layout_loops_ring
D:3:      layout_basic, serial_shops, shop, shop, uniq_pargi, uniq_natasha

Skill      XL: |  1  2  3 |
---------------+----------+-----
Ranged Weapons | 6 7 |  7.9
Fighting       | |  1.5
Dodging        | |  2.4
Stealth        | |  1.2

Action                     |  1- 3 |  4- 6 || total
---------------------------+-------+-------++-------
   Fire: Shortbow          |    87 |    42 ||   129
    Use: Scroll            |     4 |       ||     4
         Potion            |     1 |     1 ||     2
 Armour: Leather armour    |     2 |       ||     2
         Ring mail         |     4 |     4 ||     8
  Dodge: Dodged            |    14 |    18 ||    32

Table legend:
 A = Non-vault XP
 B = Vault XP
 C = Vault XP percentage of total XP
 D = Non-vault monster count
 E = Vault monster count
 F = Vault count percentage of total count
                 A         B        C        D         E       F
            +---------+---------+-------+---------+---------+-------
      Total |     142 |       3 |   2.1 |      42 |       2 |   4.5
            +---------+---------+-------+---------+---------+-------
        D:1 |      27 |       3 |  10.0 |      17 |       2 |  10.5
        D:2 |     105 |       0 |   0.0 |      21 |       0 |   0.0
        D:3 |      10 |       0 |   0.0 |       4 |       0 |   0.0
            +---------+---------+-------+---------+---------+-------
